 Dungeon Crawl Stone Soup version 0.27.1-1-g398f81649c (webtiles) character file.

Game seed: 12477538061652552383

49 Descartes the Ducker (level 3, 0/17 HPs)
             Began as a Felid Monk on Sept 12, 2021.
             Was a Priest of Sif Muna.
             Succumbed to an adder's poison
             ... on level 1 of the Dungeon.
             The game lasted 00:03:50 (1835 turns).

Descartes the Ducker (Felid Monk)                   Turns: 1835, Time: 00:03:51

Health: 0/17       AC:  1    Str:  8    XL:     3   Next: 53%
Magic:  4/4        EV: 19    Int: 11    God:    Sif Muna [***...]
Gold:   92         SH:  0    Dex: 18    Spells: 3/3 levels left
                                        Lives:  0   Deaths: 0

rFire    . . .     SeeInvis +     - Unarmed
rCold    . . .     Faith    .   (shield unavailable)
rNeg     . . .     Spirit   .   (armour unavailable)
rPois    .         Reflect  .   (helmet unavailable)
rElec    .         Harm     .   (cloak unavailable)
rCorr    .         Rampage  .   (gloves unavailable)
Will     +....                  (boots unavailable)
Stlth    +++.......             (no amulet)
HPRegen  0.05/turn              b - ring of willpower
MPRegen  0.09/turn              (no ring)

@: brilliant, lethally poisoned (0 -> -7), quick
A: very small, claws 1, fangs 3, see invisible, speed 1, shaggy fur 1, stealthy
paws, no weapons or thrown items, no armour, multi-lived
a: Renounce Religion, Channel Magic, Forget Spell


You were on level 1 of the Dungeon.
You worshipped Sif Muna.
Sif Muna was most pleased with you.
You visited 1 branch of the dungeon, and saw 2 of its levels.

You collected 92 gold pieces.

Inventory:

Missiles
 d - 116 stones
Jewellery
 b - a ring of willpower (left paw)
Scrolls
 c - 2 scrolls of identify {unknown}
 g - a scroll of magic mapping {unknown}
Potions
 e - a potion of haste {unknown}
 f - a potion of magic {unknown}
 h - a potion of resistance {unknown}
 i - a potion of invisibility {unknown}


   Skills:
 - Level 3.0 Fighting
 + Level 4.6 Dodging
 + Level 3.7 Stealth
 + Level 3.4 Unarmed Combat
 + Level 0.5 Spellcasting
 + Level 1.0 Hexes


You had 3 spell levels left.
You didn't know any spells.
Your spell library contained the following spells:

 Spells                   Type           Power      Damage    Failure   Level
 Inner Flame              Hex/Fire       2%         N/A       63%         3
 Cause Fear               Hex            1%         N/A       91%         4
 Discord                  Hex            1%         N/A       100%        8


Dungeon Overview and Level Annotations

Branches:
Dungeon (2/15)

Altars:
Sif Muna

Shops:
D:1 *

Annotations:
D:2 Natasha


Innate Abilities, Weirdness & Mutations

You have sharp claws.
You have razor-sharp teeth.
You have supernaturally acute eyesight. (SInv)
You cover ground quickly. (Speed+)
You are covered in fur. (AC +1)
Your paws help you pounce on unaware monsters.
You are incapable of wielding weapons or throwing items.
You cannot wear armour.
You gain extra lives every three experience levels.


Message History

Found a stone staircase leading up.
The adder closely misses you.
Natasha casts a spell.
You miss the adder. The adder closely misses you.
You scratch Natasha.
Natasha is moderately wounded.
The adder misses you. Natasha claws you!
You scratch Natasha.
Natasha is heavily wounded.
The adder completely misses you. Natasha closely misses you.
You scratch Natasha but do no damage. Your bite misses Natasha.
Natasha is heavily wounded.
The adder closely misses you. The shadow imp barely misses you.
The adder misses you. Natasha claws you!
* * * LOW HITPOINT WARNING * * *
You are too injured to fight recklessly!
You are too injured to fight recklessly!
The shadow imp closely misses you.
Natasha mumbles some strange words.
Natasha howls an incantation.
You feel disoriented.
Things that are here:
a +0 club; a goblin corpse Natasha wildly gestures.
You feel troubled. The adder misses you.
There is an escape hatch in the ceiling here.
The adder barely misses you. The adder misses you.
A mysterious force pulls you upwards. The hatch slams shut behind you.
You scratch the adder. Your bite misses the adder.
The adder is heavily wounded.
The adder barely misses you.
You barely miss the adder. You bite the adder.
The adder is heavily wounded.
The adder bites you.
* * * LOW HITPOINT WARNING * * *
You are lethally poisoned!
The adder poisons you!
It was a potion of brilliance.
You feel clever all of a sudden.
You die...

......# #.....##.######
......###### #..##.##.#.....
......#....# #####........#.....
######.....## #...#.###.####.####
#.#.#..###..###...#.....## #.# #
.......#.##..............# #.####
+##.#..##.#...##.........###.....
..#..#..##.....#>S...)...'....#.#
..+.#.......##..@........####.#..
..#....#...#.##..........# #.#.#
'##.#......##.#.....###'## #....
.....##.##..###..>..# #.#########
#.#)#...............# #...[.....#
..#.########....##.############.#
..#...# #.#...........# #.#
..###.# #.#....)#####.######.#
..# #.# #.##########.........#


You could see an adder.

Vanquished Creatures
  An adder (D:2)
  A dart slug (D:1)
  4 ball pythons
  3 bats (D:1)
  3 endoplasms
  A giant cockroach (D:1)
  8 goblins
  3 hobgoblins (D:2)
  A quokka (D:2)
  2 frilled lizards (D:2)
  2 kobolds
  5 rats
34 creatures vanquished.

Notes
Turn   | Place    | Note
-------+----------+-------------------------------------------
     0 | D:1      | Descartes the Felid Monk began the quest for the Orb.
     0 | D:1      | Reached XP level 1. HP: 10/10 MP: 2/2
   485 | D:1      | Reached XP level 2. HP: 14/14 MP: 3/3
   537 | D:1      | Found a faded altar of an unknown god.
   566 | D:1      | Became a worshipper of Sif Muna the Loreminder
   566 | D:1      | Reached * piety under Sif Muna
   566 | D:1      | Reached ** piety under Sif Muna
   676 | D:1      | Found Ehuonuack's General Store.
  1316 | D:2      | Reached XP level 3. HP: 14/17 MP: 4/4
  1392 | D:2      | Reached *** piety under Sif Muna
  1754 | D:2      | Reached skill level 1 in Hexes
  1774 | D:2      | Noticed Natasha
  1835 | D:1      | Succumbed to an adder's poison

Illustrated notes

Levels and vault maps discovered:
D:1:      elethiomel_arrival_maze, layout_basic,
          dreamdust_ecumenical_altar_grove, serial_shops, shop_statue,
          minmay_misc_feat_doors, minmay_bisected
D:2:      kennysheep_the_goblin_king, layout_rooms, basic_altar,
          grunt_ministairs_12, hangedman_decor_push, st_stairs_5,
          interstate_on_off, lemuel_another_geyser, uniq_natasha

Skill      XL: |  1  2  3 |
---------------+----------+-----
Stealth        | 3 |  3.7
Hexes          | 1 |  1.0
Fighting       | |  3.0
Dodging        | |  4.6
Unarmed Combat | |  3.4
Spellcasting   | |  0.5

Action                   || total
-------------------------++-------
Melee: Unarmed           ||    89
       Bite              ||     8
       Punch             ||     2
  Use: Potion            ||     1
 Stab: Sleeping          ||     6
Armor: Skin              ||     1
Dodge: Dodged            ||    77
